Unix NetHack Version 5.0.0-0 post-release - last build Jun 10 2026 00:39:30 (3ee93aec679c4c4259841fe613dc97188e26a321,branch:main).

Game began 2026-07-10 10:55:01, ended 2026-07-10 11:00:20.

ARFwashere, neutral male human Archeologist

             -------    --
           |....G@.|---..-
           -------f||...
                --<||)-
               --..--.|
               |......|
               --.-----
                ---

ARFwashere the Digger      St:10 Dx:10 Co:12 In:16 Wi:17 Ch:10  Neutral
Dlvl:3  $:877 HP:0(18) Pw:8(8) AC:4  Xp:2 T:1378  Burdened

Latest messages:
 You start chopping at the door.
 You hit the door with all your might.
 You break through the door with your pick-axe.
 You hear some noises in the distance.
 You fall down the stairs.
 You climb up the stairs.
 You fall down the stairs.
 You kill the gnome!
 You see here a thonged club.
 You climb up the stairs.
 What do you want to use or apply? [ae-kmq or ?*] e
 In what direction do you want to dig? [ykulnjb>] l
 You start digging.
 You hit the rock with all your might.
 You succeed in cutting away some rock.
 What do you want to use or apply? [ae-kmq or ?*] e
 In what direction do you want to dig? [ykulnjb>] l
 You start digging.
 You hit the rock with all your might.
 You succeed in cutting away some rock.
 What do you want to use or apply? [ae-kmq or ?*] e
 In what direction do you want to dig? [ykulnjb>] l
 You start digging.
 You hit the rock with all your might.
 You succeed in cutting away some rock.
 You swap places with your kitten.
 You hit the lichen.
 You kill the lichen!
 There is a branch staircase down to the Gnomish Mines here.
 You see here a lichen corpse.
 There is a lichen corpse here; eat it? [ynq] (n) y
 This lichen corpse tastes okay.
 You finish eating the lichen corpse.
 You fall down the stairs.
 The gnome swings his bow.
 The gnome hits!
 You miss the gnome.
 You miss the gnome.
 You hit the gnome!
 The kitten bites it.
 You hit the gnome.
 The kitten bites it.
 The gnome swings his bow.
 The gnome hits!
 You miss the gnome.
 The gnome swings his bow.
 The gnome hits!
 You die...
 Do you want your possessions identified? [ynq] (y) y
 Do you want to see your attributes? [ynq] (y) q

Inventory:
 Coins    ('$')
  $ - 877 gold pieces
 Weapons  (')')
  n - a +0 orcish dagger
  a - a +2 bullwhip (alternate weapon; not wielded)
 Armor    ('[')
  c - an uncursed +0 fedora (being worn)
  s - an uncursed +0 small shield (being worn)
  r - an uncursed +0 chain mail (being worn)
 Comestibles  ('%')
  d - 6 uncursed food rations
 Scrolls  ('?')
  o - an uncursed scroll of identify
 Potions  ('!')
  p - an uncursed potion of water
 Wands    ('/')
  k - a wand of light (0:12)
  q - a wand of secret door detection (0:12)
 Tools    ('(')
  h - an empty uncursed sack
  j - an uncursed leash
  m - an uncursed mirror
  i - an uncursed oil lamp
  e - a +0 pick-axe (weapon in right hand)
  f - a tinning kit (0:86)
 Gems/Stones  ('*')
  g - an uncursed touchstone

ARFwashere the Archeologist's attributes:

Background:
 You were a Digger, a level 2 male human Archeologist.
 You were neutral, nominally on a mission for Camaxtli
 who was opposed by Quetzalcoatl (lawful) and Huhetotl (chaotic).
 You were right-handed.
 You were in the Gnomish Mines, on level 3.
 You entered the dungeon 1378 turns ago.
 You had 38 experience points, 2 more were needed to attain level 3.

Basics:
 You had 0 out of 18 hit points.
 You had all 8 energy points (spell power).
 Your armor class was 4.
 Your wallet contained 877 zorkmids.
 Autopickup was on for '$' plus thrown.

Final Characteristics:
 Your strength was 10 (limit:18/100).
 Your dexterity was 10 (limit:18).
 Your constitution was 12 (limit:18).
 Your intelligence was 16 (limit:18).
 Your wisdom was 17 (limit:18).
 Your charisma was 10 (limit:18).

Final Status:
 You weren't hungry.
 You were burdened; movement was slightly slowed.
 You were wielding a pick-axe.
 You had basic skill with pick-axe.

Final Attributes:
 You were devoutly aligned.
 You had automatic searching.
 You were warded.
 You were lucky.
 You are dead.

Miscellaneous:
 You didn't encounter any bones levels.
 Total elapsed playing time was 5 minutes and 18 seconds.

Major events:
 Turn
    1: ARFwashere the neutral male human Archeologist entered the dungeon
 1274: entered the Gnomish Mines
 1378: killed by a gnome

You didn't know any spells.

Skills:
 Fighting Skills
   bare handed combat [Unskilled]
   two weapon combat  [Unskilled]
   riding             [Unskilled]
 Weapon Skills
   dagger             [Unskilled]
   knife              [Unskilled]
   pick-axe           [Basic]
   short sword        [Unskilled]
   saber              [Unskilled]
   club               [Unskilled]
   quarterstaff       [Unskilled]
   sling              [Unskilled]
   dart               [Unskilled]
   boomerang          [Unskilled]
   whip               [Basic]
   unicorn horn       [Unskilled]
 Spellcasting Skills
   attack spells      [Unskilled]
   healing spells     [Unskilled]
   divination spells  [Unskilled]
   matter spells      [Unskilled]

Voluntary challenges:
 Character rerolling was not enabled.
 You were an atheist.
 You never genocided any monsters.
 You never polymorphed an object.
 You never changed form.
 You used no wishes.
Achievement:
 You entered the Gnomish Mines.

 The Dungeons of Doom: levels 1 to 3
    Level 1:
    Level 2:
       Stairs down to The Gnomish Mines.
    Level 3:
 The Gnomish Mines:
    Level 3: <- You were here.
       Final resting place for
          you, killed by a gnome.


Vanquished creatures:
  a hobbit
  a gnome
  6 jackals
  2 foxes
  2 goblins
  3 lichens
  a kobold zombie
  5 newts
21 creatures vanquished.

No species were genocided or became extinct.

Game over:
                       ----------
                      /          \
                     /    REST    \
                    /      IN      \
                   /     PEACE      \
                  /                  \
                  |    ARFwashere    |
                  |      877 Au      |
                  |   killed by a    |
                  |      gnome       |
                  |                  |
                  |                  |
                  |       2026       |
                 *|     *  *  *      | *
        _________)/\\_//(\/(/\)/\//\/|_)_______

Goodbye ARFwashere the Archeologist...

You died in The Gnomish Mines on dungeon level 3 with 1042 points,
and 877 pieces of gold, after 1378 moves.
You were level 2 with a maximum of 18 hit points when you died.

